 Dungeon Crawl Stone Soup version 0.20.0-10-g0535bb4 (webtiles) character file.

120 Chiseanne the Magician (level 4, 0/30 HPs)
             Began as a Demonspawn Wizard on June 6, 2017.
             Slain by an orc priest
             ... wielding a +0 hand axe
              (5 damage)
             ... on level 3 of the Dungeon.
             The game lasted 00:05:56 (3012 turns).

Chiseanne the Magician (Demonspawn Wizard)          Turns: 3012, Time: 00:05:56

Health: 0/30       AC:  6    Str:  7    XL:     4   Next: 75%
Magic:  1/10       EV: 17    Int: 20    God:
Gold:   80         SH:  0    Dex: 17    Spells: 2/11 levels left

rFire    + . .     SeeInvis .   l - +1 mace
rCold    . . .     Gourm    .   (no shield)
rNeg     . . .     Faith    .   a - +0 robe
rPois    .         Spirit   .   b - +1 hat
rElec    .         Reflect  .   (no cloak)
rCorr    .         Harm     .   (no gloves)
MR       .....                  (no boots)
Stlth    +++.......             (no amulet)
Regen    0.1/turn               (no ring)
MPRegen  0.2/turn               (no ring)

@: agile, very slightly contaminated
A: molten scales 2, fire resistance 1
a: no special abilities


You were on level 3 of the Dungeon.
You were not hungry.

You visited 1 branch of the dungeon, and saw 3 of its levels.

You collected 80 gold pieces.

Inventory:

Hand Weapons
 l - a +1 mace (weapon)
Missiles
 g - 96 stones (quivered)
 i - 15 poisoned needles
 m - 24 bolts
Armour
 a - a +0 robe (worn)
 b - a +1 hat (worn)
Scrolls
 j - 2 scrolls of fear
 n - 3 scrolls of remove curse
Potions
 q - a potion of brilliance
Comestibles
 c - 2 chunks of flesh
 d - 2 bread rations
 f - a royal jelly
 k - 3 fruits


   Skills:
 - Level 1.7 Dodging
 - Level 1.7 Stealth
 * Level 4.0 Spellcasting
 * Level 3.5 Conjurations
   Level 1.0 Summonings
 - Level 0.8 Translocations


You had 2 spell levels left.
You knew the following spells:

 Your Spells              Type           Power        Failure   Level  Hunger
a - Magic Dart            Conj           ###.         3%          1    None
b - Blink                 Tloc           N/A          14%         2    #......
c - Conjure Flame         Conj/Fire      ##......     19%         3    ###....
d - Mephitic Cloud        Conj/Pois/Air  #.......     24%         3    ###....


Dungeon Overview and Level Annotations

Branches:
Dungeon (3/15)

Altars:
Nemelex Xobeh

Annotations:
D:3 GalAn's ghost, amateur HOFi


Innate Abilities, Weirdness & Mutations

You are mostly covered in molten scales. (AC +3)
Your flesh is heat resistant. (rF+)


Message History

Aiming: Magic Dart
Press: ? - help, Shift-Dir - straight line, f/p - orc priest
Aim: an orc priest, wielding a hand axe The magic dart hits the orc priest.
The orc priest is lightly wounded.
The orc priest barely misses you.
It was a potion of curing.
You feel better.
The orc priest hits you with a hand axe.
You feel agile all of a sudden.
You hit the orc priest.
The orc priest is heavily wounded.
The orc priest mumbles some strange prayers to Beogh against you.
Beogh smites you!
Ouch! That really hurt!
* * * LOW HITPOINT WARNING * * *
The orc priest misses you.
You closely miss the orc priest.
The orc priest is moderately wounded.
The orc priest hits you with a hand axe.
You die...

..##.# #÷# #W##.# ..##.### #.#
#.##o# .......#### #.# #.##.#
.....÷W...## #.# #.##.#
..####.##..#######.######.##.#
.## #....#........W."....##[#
.# #######.#################.#
.. .....##############.......#
# #.........@o.....#######
##################


You could see an orc priest.

Vanquished Creatures
  A worker ant (D:3)
  4 adders
  An ooze (D:3)
  A worm (D:2)
  2 dart slugs
  4 leopard geckos
  3 orcs (D:3)
  3 giant cockroaches
  5 goblins
  3 hobgoblins
  4 bats
  2 frilled lizards
  11 kobolds
  3 rats
47 creatures vanquished.

Notes
Turn   | Place    | Note
-------+----------+-------------------------------------------
     0 | D:1      | Chiseanne the Demonspawn Wizard began the quest for the Orb.
     0 | D:1      | Reached XP level 1. HP: 13/13 MP: 4/4
   512 | D:1      | Gained mutation: You are partially covered in molten scales. (AC +2) [demonic ancestry]
   512 | D:1      | Reached XP level 2. HP: 19/19 MP: 0/6
   656 | D:1      | Found a sparkling altar of Nemelex Xobeh.
  1452 | D:2      | Gained mutation: Your flesh is heat resistant. (rF+) [demonic ancestry]
  1452 | D:2      | Reached XP level 3. HP: 24/24 MP: 0/7
  1849 | D:2      | Learned a level 2 spell: Blink
  1853 | D:2      | Learned a level 3 spell: Conjure Flame
  1857 | D:2      | Learned a level 3 spell: Mephitic Cloud
  2188 | D:3      | Noticed GalAn's ghost (amateur HOFi)
  2225 | D:3      | Gained mutation: You are mostly covered in molten scales. (AC +3) [demonic ancestry]
  2225 | D:3      | Reached XP level 4. HP: 30/30 MP: 4/9
  2420 | D:3      | Reached skill level 4 in Spellcasting
  3012 | D:3      | Slain by an orc priest

Skill      XL: |  1  2  3  4 |
---------------+-------------+-----
Conjurations   | 2 3 |  3.5
Spellcasting   | 4 |  4.0
Dodging        | |  1.7
Stealth        | |  1.7
Summonings     | |  1.0
Translocations | |  0.8

Action                   |  1- 3 |  4- 6 || total
-------------------------+-------+-------++-------
Melee: Dagger            |    16 |       ||    16
       Mace              |     2 |     2 ||     4
 Cast: Magic Dart        |    94 |    46 ||   140
       Mephitic Cloud    |       |     2 ||     2
       Blink             |       |     1 ||     1
  Use: Scroll            |     8 |     1 ||     9
       Potion            |       |     2 ||     2
  Eat: Chunk             |     4 |     2 ||     6
Armor: Robe              |     2 |     2 ||     4
Dodge: Dodged            |    34 |     3 ||    37
